 Dungeon Crawl Stone Soup version 0.28.0-53-g5a82cb258f (webtiles) character file.

Game seed: 15947233528655770505

165 Descartes the Magician (level 5, -4/28 HPs)
             Began as a Deep Elf Fire Elementalist on July 23, 2022.
             Slain by Terence
             ... wielding a +0 hand axe
              (6 damage)
             ... on level 2 of the Dungeon.
             The game lasted 00:03:04 (2074 turns).

Descartes the Magician (Deep Elf Fire Elementalist) Turns: 2074, Time: 00:03:05

Health: -4/28      AC:  3    Str:  5    XL:     5   Next: 22%
Magic:  6/13       EV: 12    Int: 22    God:
Gold:   28         SH:  0    Dex: 15    Spells: 11/12 levels left

rFire   . . .      SeeInvis .   b - +0 spear
rCold   . . .      Faith    .   (no shield)
rNeg    . . .      Spirit   .   e - +0 leather armour
rPois   .          Reflect  .   (no helmet)
rElec   .          Harm     .   (no cloak)
rCorr   .          Rampage  .   (no gloves)
Will    .....                   (no boots)
Stlth   ++........              (no amulet)
HPRegen 0.09/turn               (no ring)
MPRegen 0.13/turn               (no ring)

@: no status effects
A: no striking features
a: no special abilities


You were on level 2 of the Dungeon.
You visited 1 branch of the dungeon, and saw 2 of its levels.

You collected 28 gold pieces.

Inventory:

Hand Weapons
 b - a +0 spear (weapon)
Missiles
 c - 71 stones
 g - 51 arrows
Armour
 a - a +0 robe
 e - a +0 leather armour (worn)
Scrolls
 d - a scroll of blinking {unknown}
 f - a scroll of noise {unknown}
 i - 3 scrolls of brand weapon {unknown}
 j - a scroll of fear {unknown}
 l - a scroll of identify {unknown}
Potions
 h - a potion of attraction {unknown}
 k - a potion of might {unknown}


   Skills:
 + Level 1.9 Staves
 + Level 3.6 Dodging
 - Level 2.4 Stealth
 + Level 4.2 Spellcasting
 + Level 2.6 Conjurations
 + Level 4.2 Fire Magic


You had 11 spell levels left.
You knew the following spells:

 Your Spells              Type           Power      Damage    Failure   Level
a - Foxfire               Conj/Fire      76%        2x1d7     4%          1

Your spell library contained the following spells:

 Spells                   Type           Power      Damage    Failure   Level
 Scorch                   Fire           46%        2d7       4%          2
 Conjure Flame            Conj/Fire      19%        6-21      14%         3
 Inner Flame              Hex/Fire       13%        N/A       24%         3
 Flame Wave               Conj/Fire      19%        2d6       41%         4


Dungeon Overview and Level Annotations

Branches:
Dungeon (2/15)

Altars:

Annotations:
D:2 Robin, Terence


Message History

You are very lightly contaminated with residual magic.
Nothing appears to happen.
Terence barely misses you.
Unknown command.
Casting: Foxfire (safe; 4% risk of failure)
Confirm with . or Enter, or press ? or * to list all spells.
You conjure some foxfire!
Terence hits you with a +0 hand axe.
Terence hits your foxfire with a +0 hand axe.
The foxfire hits Terence but does no damage.
Terence is almost dead.
Terence misses you.
Casting: Foxfire (safe; 4% risk of failure)
Confirm with . or Enter, or press ? or * to list all spells.
You conjure some foxfire!
Terence hits you but does no damage. Terence barely misses your foxfire.
The foxfire hits Terence but does no damage.
Terence is almost dead.
Terence hits you with a +0 hand axe.
* * * LOW HITPOINT WARNING * * *
Casting: Foxfire (safe; 4% risk of failure)
Confirm with . or Enter, or press ? or * to list all spells.
You conjure some foxfire!
Terence closely misses you.
Terence hits your foxfire with a +0 hand axe.
The foxfire hits Terence but does no damage.
Terence is almost dead.
Terence barely misses you.
Your magical contamination has completely faded away.
Terence completely misses you. Terence hits you but does no damage.
Casting: Foxfire (safe; 4% risk of failure)
Confirm with . or Enter, or press ? or * to list all spells.
You conjure some foxfire!
Terence hits you with a +0 hand axe!
* * * LOW HITPOINT WARNING * * *
Terence closely misses your foxfire.
The foxfire hits Terence but does no damage.
Terence is almost dead.
The foxfire hits Terence.
Terence is almost dead.
Terence says, "Don't bother to defend, it's senseless."
Terence hits you with a +0 hand axe.
You die...

#....##.#.......
.......+
###..#..>......
......
#...#.#######
..... #.[##.#
.... #.....# #..
#.##### #.#
####.# ####.#
#....# #....#
#@#### #.#####
###@# #.#...#
#...# #.....#
#.### #####.#
#.# #.###.#
#.....# #####.#
###


You could see Terence.

Vanquished Creatures
  Jessica (D:2)
  Natasha (thrice) (D:2)
  2 adders (D:2)
  A dart slug (D:2)
  3 bats (D:1)
  5 endoplasms
  2 giant cockroaches
  5 hobgoblins
  2 kobolds
  A quokka (D:1)
  A ball python (D:1)
  2 frilled lizards (D:1)
  12 goblins
  4 rats
44 creatures vanquished.

Vanquished Creatures (others)
  215 foxfires
215 creatures vanquished.

Grand Total: 259 creatures vanquished

Notes
Turn   | Place    | Note
-------+----------+-------------------------------------------
     0 | D:1      | Descartes the Deep Elf Fire Elementalist began the quest
                  | for the Orb.
     0 | D:1      | Reached XP level 1. HP: 10/10 MP: 6/6
   322 | D:1      | Reached XP level 2. HP: 15/15 MP: 5/8
  1197 | D:2      | Reached skill level 1 in Staves
  1197 | D:2      | Reached XP level 3. HP: 19/19 MP: 4/9
  1302 | D:2      | Noticed Natasha
  1307 | D:2      | Killed Natasha
  1341 | D:2      | Noticed Natasha
  1347 | D:2      | Killed Natasha
  1348 | D:2      | Reached XP level 4. HP: 24/24 MP: 3/11
  1405 | D:2      | Noticed Natasha
  1410 | D:2      | Killed Natasha
  1632 | D:2      | Noticed Robin
  1804 | D:2      | Reached XP level 5. HP: 28/28 MP: 9/13
  1841 | D:2      | Noticed Jessica
  1846 | D:2      | Killed Jessica
  2031 | D:2      | Noticed Terence
  2063 | D:2      | HP: 1/28 [Terence/+0 hand axe (8)]
  2074 | D:2      | Slain by Terence

Illustrated notes

Levels and vault maps discovered:
D:1:      dpeg_arrival_windows_large_door, layout_loops_ring
D:2:      layout_basic, uniq_natasha, uniq_jessica, uniq_terence, uniq_robin

Skill      XL: |  1  2  3  4 |
---------------+-------------+-----
Staves         | 1 |  1.9
Dodging        | 3 |  3.6
Conjurations   | 2 |  2.6
Spellcasting   | 4 |  4.2
Fire Magic     | 4 |  4.2
Stealth        | |  2.4

Action                   |  1- 3 |  4- 6 || total
-------------------------+-------+-------++-------
Melee: Spear             |     1 |     1 ||     2
 Cast: Foxfire           |    70 |    62 ||   132
Armor: Leather armour    |     1 |     2 ||     3
Dodge: Dodged            |     7 |    10 ||    17
